 Dungeon Crawl Stone Soup version 0.32-a0-871-ge202e49faa (webtiles) character file.

Game seed: 6904845431216629870

25324 jlc4512 the Basher (level 13, -2/84 HPs)
             Began as a Gargoyle Fighter on Mar 29, 2024.
             Was an Elder of Makhleb.
             Slain by an orc warlord
             ... wielding a +3 great sword
              (15 damage)
             ... on level 2 of the Orcish Mines.
             The game lasted 01:02:10 (18865 turns).

jlc4512 the Basher (Gargoyle Fighter)              Turns: 18865, Time: 01:02:11

Health: -2/84      AC: 33    Str: 19    XL:     13   Next: 18%
Magic:  0/16       EV: 12    Int:  9    God:    Makhleb [****..]
Gold:   262        SH:  6    Dex: 19    Spells: 12/12 levels left

rFire   . . .        a - +2 flail
rCold   . . .        c - +0 buckler
rNeg    + + .        A - +1 pearl dragon scales
rPois   ∞            d - +0 helmet
rElec   +            i - +1 cloak
rCorr   .            (no gloves)
SInv    .            (no boots)
Will    .....        g - amulet of guardian spirit Stlth
                     n - +6 ring of dexterity
HPRegen 0.34/turn    w - +4 ring of protection
MPRegen 0.15/turn

%: guardian spirit
@: studying Ranged Weapons
A: sickness immunity, AC +9, negative energy resistance 1, electricity
resistance, torment resistance 1, petrification resistance, weak 1
a: Renounce Religion, Minor Destruction, Lesser Servant of Makhleb, Major
Destruction


You were on level 2 of the Orcish Mines.
You worshipped Makhleb.
Makhleb was greatly pleased with you.
You visited 3 branches of the dungeon, and saw 15 of its levels.

You collected 782 gold pieces.
You spent 520 gold pieces at shops.

Inventory:

Hand Weapons
 a - a +2 flail (weapon)
Missiles
 v - 28 poisoned darts (quivered)
Armour
 c - a +0 buckler (worn)
 d - a +0 helmet (worn)
 i - a +1 cloak (worn)
 s - the +0 ring mail of the Robin {Fly rF+ MP+9}
   (You found it on level 8 of the Dungeon)

   rF+:       It protects you from fire.
   MP+9:      It affects your magic capacity (+9).
   Fly:       It grants you flight.
 A - +1 pearl dragon scales (worn)
 B - +0 acid dragon scales
Jewellery
 f - a ring of fire
 g - an amulet of guardian spirit (around neck)
 n - a +6 ring of dexterity (left hand)
 t - a ring of wizardry
 w - a +4 ring of protection (right hand)
 y - a ring of protection from fire
 E - a ring of resist corrosion
Wands
 u - a wand of flame (10)
 x - a wand of polymorph (9)
Scrolls
 k - 3 scrolls of teleportation
 o - a scroll of vulnerability
Potions
 e - a potion of lignification


   Skills:
 - Level 11.0 Fighting
 - Level 0.1 Long Blades
 - Level 14.1 Maces & Flails
 - Level 0.2 Polearms
 - Level 11.0 Armour
 - Level 6.8 Dodging
 - Level 5.4 Shields
 - Level 0.4 Conjurations
 - Level 0.1 Hexes
 - Level 0.5 Summonings
 - Level 0.1 Necromancy
 - Level 0.1 Translocations
 - Level 0.1 Fire Magic
 - Level 0.1 Ice Magic
 - Level 0.1 Air Magic
 - Level 1.0 Earth Magic
 * Level 4.6 Invocations
 - Level 0.3 Shapeshifting


You had 12 spell levels left.
You didn't know any spells.
Your spell library contained the following spells:

 Spells                   Type           Power      Damage    Failure   Level
 Momentum Strike          Conj/Tloc      0%         3d8       89%         2
 Blink                    Tloc           0%         N/A       91%         2
 Lesser Beckoning         Tloc           0%         N/A       91%         2
 Teleport Other           Tloc           0%         N/A       99%         3
 Volatile Blastmotes      Fire/Tloc      0%         2d10      99%         3
 Fulminant Prism          Conj/Alch      0%         3d5       100%        4
 Iskenderun's Mystic Bla Conj/Tloc 0%             2d3        (+2d1     100%        4
 Maxwell's Portable Pile  Tloc           0%         2d(5-10)  100%        4
 Petrify                  Alch/Erth      0%         N/A       100%        4
 Irradiate                Conj/Alch      0%         3d11      100%        5
 Sublimation of Blood     Necr           Unusable   N/A       N/A         2

Dungeon Overview and Level Annotations

Branches:
Dungeon (12/15)            Temple (1/1) D:6            Lair (0/5) D:10
    Orc (2/2) D:12            Elf (0/3) Orc:2

Altars:
Ashenzari
Cheibriados
Dithmenos
Elyvilon
Fedhas
Gozag
Hepliaklqana
Kikubaaqudgha
Makhleb
Nemelex Xobeh
Okawaru
Qazlal
Ru
Sif Muna
Trog
Uskayaw
Vehumet
Wu Jian
Xom
Yredelemnul
Zin
The Shining One
Beogh

Shops:
D:5 *   Orc:2 *=*

Annotations:
D:3 Grinder
D:5 3 runed translucent doors, Aldia's ghost, amateur DgCj
D:10 exclusion: obsidian statue
D:11 exclusion: obsidian statue
D:12 Frances
Orc:2 Jorgrun


Innate Abilities, Weirdness & Mutations

You are immune to sickness and miasma.
Your stone body is resilient. (AC +9)
You are immune to poison.
You resist negative energy. (rN+)
You are resistant to electric shocks. (rElec)
You are resistant to unholy torment.
You are immune to petrification.
You are weak. (Str -2)


Message History

The orc warlord hits your neqoxec with a +3 great sword!!
You thump the troll!
The troll is severely wounded.
Your neqoxec hits the troll!
The troll dies!
Makhleb accepts your kill.
You hit the orc warlord but do no damage.
The orc warlord is lightly wounded.
Your neqoxec hits the orc warlord but does no damage.
Okay, then.
You closely miss the orc warlord.
The orc warlord is lightly wounded.
The orc warlord barely misses you.
You hit the orc warlord but do no damage.
The orc warlord is lightly wounded.
Your neqoxec hits the orc warlord.
The orc warlord hits you but does no damage.
You hit the orc warlord.
The orc warlord is moderately wounded.
Your neqoxec gestures at the orc warlord.
The orc warlord's mind is gnawed upon.
You hit the orc warlord.
The orc warlord is moderately wounded.
The orc warlord hits you with a +3 great sword!
Your neqoxec hits the orc warlord. You hit the orc warlord.
The orc warlord is moderately wounded.
The orc warlord hits you but does no damage.
You hit the orc warlord.
The orc warlord is moderately wounded.
Your neqoxec gestures at the orc warlord.
The orc warlord's mind is gnawed upon.
The orc warlord hits you with a +3 great sword!!
* * * LOW HITPOINT WARNING * * *
You hit the orc warlord.
The orc warlord is heavily wounded.
Your neqoxec hits the orc warlord.
The orc warlord attacks as it pursues you!
The orc warlord hits you with a +3 great sword!!
You die...

.'....#.).#......'..#...#......
.####.#####.####.#.[#.........
##..........#..#.####...o....##.
##.####.....#.)).####.ß...ß...ßo
'[[#..#..⌠..#..#..T.)T.T......o.
##[)).#.....####)####.ß...ß...ßo
##.#..#..........####........##
.#.####.#####†####..#.........#
.'......#...#..o@').#.)[#......#
.######.#...#.3..#.(##..##.....#
#### #[##'##....#####..[#.....#
.###.............##...##...o.
###..###.###'#####.##....#.....
#.... #.##...#..#.###...##....
#....###[##...#..'.# #....##...
# #....#)######..### ##...##
######.....######## ##...#


You could see an orc warlord (ally target) and a friendly neqoxec (summoned).

Vanquished Creatures
  6 two-headed ogres (Orc:2)
  An orc high priest (Orc:2)
  2 obsidian bats (Orc:2)
  4 orc knights (Orc:2)
  A cyclops (Orc:2)
  2 manticores
  4 orc sorcerers (Orc:2)
  3 kobold blastminers (Orc:2)
  An unseen horror (D:10)
  A komodo dragon (D:10)
  Jeremiah (D:8)
  2 trolls (Orc:2)
  A hornet (D:9)
  Sigmund (D:2)
  A wraith (D:10)
  A wyvern (D:10)
  Eustachio (D:4)
  16 yaks
  A vampire (D:9)
  4 wargs (Orc:2)
  11 vampire mosquitoes
  Menkaure (D:4)
  An acid dragon (D:9)
  A water moccasin (D:8)
  35 orc warriors
  4 sky beasts
  12 ogres
  3 ice beasts
  4 centaurs
  4 kobold brigands
  3 bullfrogs
  2 gnoll sergeants
  2 scorpions
  A water moccasin zombie (D:4)
  8 wights
  A howler monkey (D:5)
  2 bullfrog zombies (D:4)
  A centaur zombie (D:4)
  2 jellies
  21 orc priests
  A sleepcap (D:5)
  A gnoll bouda (D:7)
  2 hounds
  Jessica (D:2)
  10 orc wizards
  2 iguanas
  4 hound zombies (D:4)
  2 hound skeletons (D:4)
  Robin (D:2)
  16 gnolls
  8 adders
  A shadow imp (D:5)
  3 white imps
  2 ufetubi (D:7)
  2 adder zombies (D:4)
  2 adder skeletons (D:4)
  2 dart slugs (D:3)
  9 ribbon worms
  72 orcs
  7 endoplasms
  2 giant cockroaches
  21 goblins
  8 hobgoblins
  3 jackals (D:4)
  13 quokkas
  2 ball pythons
  A bat (D:3)
  2 frilled lizards
  17 kobolds
  6 rats
396 creatures vanquished.

Vanquished Creatures (collateral kills)
  A troll (Orc:2)
1 creature vanquished.

Grand Total: 397 creatures vanquished

Notes
Turn   | Place    | Note
-------+----------+-------------------------------------------
     0 | D:1      | jlc4512 the Gargoyle Fighter began the quest for the Orb.
     0 | D:1      | Reached XP level 1. HP: 14/14 MP: 1/1
   188 | D:1      | Reached XP level 2. HP: 14/20 MP: 2/2
   256 | D:1      | Found a faded altar of an unknown god.
   834 | D:2      | Noticed Sigmund
  1174 | D:2      | Reached XP level 3. HP: 24/24 MP: 3/3
  1231 | D:2      | Reached skill level 3 in Maces & Flails
  1247 | D:2      | Noticed Robin
  1385 | D:2      | Killed Robin
  1386 | D:2      | Reached XP level 4. HP: 28/29 MP: 4/4
  1416 | D:2      | Noticed Jessica
  1431 | D:2      | Killed Jessica
  1718 | D:3      | Reached skill level 4 in Maces & Flails
  2010 | D:3      | Reached XP level 5. HP: 31/34 MP: 2/5
  2125 | D:3      | Noticed Grinder
  2135 | D:3      | Paralysed by Grinder for 5 turns
  2144 | D:3      | Paralysed by Grinder for 3 turns
  2153 | D:4      | Noticed a centaur
  3000 | D:2      | Killed Sigmund
  3001 | D:2      | Reached skill level 5 in Maces & Flails
  3001 | D:2      | Reached XP level 6. HP: 29/40 MP: 2/6
  3160 | D:3      | Paralysed by Grinder for 2 turns
  3194 | D:3      | Paralysed by Grinder for 4 turns
  3204 | D:3      | Paralysed by Grinder for 3 turns
  3229 | D:4      | Noticed an ice beast
  3259 | D:4      | Killed an ice beast
  3260 | D:4      | Reached skill level 5 in Fighting
  3260 | D:4      | Reached skill level 6 in Maces & Flails
  3260 | D:4      | Reached XP level 7. HP: 35/44 MP: 7/7
  3696 | D:3      | Reached skill level 7 in Maces & Flails
  3962 | D:4      | Reached XP level 8. HP: 22/51 MP: 4/8
  4018 | D:4      | Reached skill level 8 in Maces & Flails
  4147 | D:4      | Noticed Eustachio
  4210 | D:4      | Killed Eustachio
  4389 | D:4      | Noticed Menkaure
  4396 | D:4      | Killed Menkaure
  4651 | D:4      | Reached skill level 9 in Maces & Flails
  5026 | D:5      | Entered Level 5 of the Dungeon
  5062 | D:5      | Noticed Aldia's ghost (amateur DgCj)
  5062 | D:5      | Noticed a wyvern
  5069 | D:5      | Found a runed translucent gate.
  5069 | D:5      | Found a runed translucent gate.
  5069 | D:5      | Found a runed translucent gate.
  5274 | D:5      | Found a shimmering altar of Xom.
  5424 | D:5      | Found Icitses's Assorted Antiques.
  5429 | D:5      | Found a glowing golden altar of the Shining One.
  5429 | D:5      | Found a blossoming altar of Fedhas.
  5429 | D:5      | Found a stormy altar of Qazlal.
  5446 | D:5      | Bought a smoky inky potion for 23 gold pieces
  5446 | D:5      | Bought a scroll labelled OLASHO USHI for 26 gold pieces
  5446 | D:5      | Bought a scroll labelled OGO EW SELU for 26 gold pieces
  5573 | D:5      | Found a shadowy altar of Dithmenos.
  5675 | D:5      | Found a snail-covered altar of Cheibriados.
  5726 | D:4      | Reached XP level 9. HP: 22/56 MP: 5/9
  5866 | D:4      | Reached skill level 10 in Maces & Flails
  6547 | D:6      | Found a staircase to the Ecumenical Temple.
  6557 | Temple   | Entered the Ecumenical Temple
  6579 | Temple   | Became a worshipper of Makhleb the Destroyer
  7517 | D:7      | Found an iron altar of Okawaru.
  7603 | D:7      | Reached skill level 5 in Armour
  8165 | D:7      | Found a bloodstained altar of Trog.
  8212 | D:7      | Reached skill level 5 in Shields
  8700 | D:8      | Identified the +0 ring mail of the Robin {Fly rF+ MP+9}
  9115 | D:8      | Found a hazy altar of Hepliaklqana.
  9325 | D:8      | Found a hide-covered altar of Uskayaw.
  9325 | D:8      | Noticed Jeremiah
  9342 | D:8      | Killed Jeremiah
  9343 | D:8      | Reached XP level 10. HP: 38/63 MP: 10/10
  9821 | D:9      | Reached * piety under Makhleb
 11329 | D:10     | Entered Level 10 of the Dungeon
 11368 | D:10     | Noticed an obsidian statue
 11687 | D:9      | Reached skill level 1 in Dodging
 12147 | D:10     | Found a staircase to the Lair.
 12192 | D:10     | Reached skill level 5 in Dodging
 12415 | D:10     | Reached XP level 11. HP: 51/69 MP: 11/11
 12665 | D:10     | Reached ** piety under Makhleb
 13489 | D:11     | Noticed a manticore
 13523 | D:11     | Killed a manticore
 14020 | D:11     | Noticed an obsidian statue
 14053 | D:11     | Reached skill level 11 in Maces & Flails
 14199 | D:10     | Reached skill level 10 in Fighting
 14601 | D:11     | You are sucked into a shaft and drop 1 floor!
 14671 | D:12     | Found a staircase to the Orcish Mines.
 14778 | D:12     | Noticed Frances
 14794 | Orc:1    | Entered Level 1 of the Orcish Mines
 14794 | Orc:1    | Noticed an orc knight
 14794 | Orc:1    | Noticed an orc sorcerer
 14821 | Orc:2    | Entered Level 2 of the Orcish Mines
 14821 | Orc:2    | Noticed a two-headed ogre
 14826 | Orc:2    | Noticed a two-headed ogre
 14832 | Orc:2    | Noticed a two-headed ogre
 14850 | Orc:2    | Found Zurph's Assorted Antiques.
 14850 | Orc:2    | Noticed an orc high priest
 14870 | Orc:2    | Killed an orc high priest
 14914 | Orc:2    | Bought a murky blue potion for 19 gold pieces
 14914 | Orc:2    | Bought a lumpy red potion for 19 gold pieces
 15096 | Orc:2    | Bought a scroll of teleportation for 66 gold pieces
 15096 | Orc:2    | Bought a scroll of enchant weapon for 165 gold pieces
 15096 | Orc:2    | Bought a scroll of teleportation for 66 gold pieces
 15096 | Orc:2    | Bought a scratched peridot ring for 110 gold pieces
 15143 | Orc:2    | Noticed Jorgrun
 15243 | Orc:2    | Noticed an orc knight
 15272 | Orc:2    | Killed an orc knight
 15293 | Orc:2    | Reached skill level 12 in Maces & Flails
 15511 | Orc:2    | Noticed a cyclops
 15533 | Orc:2    | Killed a cyclops
 15884 | Orc:2    | Reached *** piety under Makhleb
 15885 | Orc:2    | Reached XP level 12. HP: 55/79 MP: 9/12
 16038 | Orc:2    | Paralysed by an orc sorcerer for 5 turns
 16045 | Orc:2    | Reached skill level 10 in Armour
 16166 | Orc:2    | Found Pidiez's Jewellery Shop.
 16233 | Orc:2    | Found Qomaanuj's Assorted Antiques.
 16323 | Orc:2    | Found a roughly hewn altar of Beogh.
 16764 | Orc:2    | Noticed a two-headed ogre
 17024 | Orc:2    | Killed a two-headed ogre
 17441 | Orc:2    | Killed a two-headed ogre
 17442 | Orc:2    | Reached skill level 13 in Maces & Flails
 17459 | Orc:1    | Noticed a two-headed ogre
 17460 | Orc:1    | Paralysed by an orc sorcerer for 5 turns
 17496 | Orc:2    | Reached **** piety under Makhleb
 17510 | Orc:2    | Killed a two-headed ogre
 17511 | Orc:2    | HP: 3/80 [orc sorcerer/bolt of fire (29)]
 17516 | Orc:2    | HP: 3/80 [manticore (1)]
 17585 | Orc:2    | Killed a two-headed ogre
 17814 | Orc:2    | Killed a two-headed ogre
 17815 | Orc:2    | Reached skill level 14 in Maces & Flails
 18039 | Orc:2    | Reached XP level 13. HP: 84/84 MP: 13/13
 18291 | Orc:2    | Reached skill level 1 in Invocations
 18626 | Orc:2    | Found a staircase to the Elven Halls.
 18675 | Orc:2    | Gained mutation: You are weak. (Str -2) [a neqoxec]
 18686 | Orc:2    | Reached skill level 1 in Earth Magic
 18803 | Orc:2    | Noticed an orc warlord
 18865 | Orc:2    | Slain by an orc warlord

Illustrated notes

Levels and vault maps discovered:
D:1:      dpeg_arrival_round_c, layout_loops_ring,
          shapermc_ecumenical_altar_pompeii
D:2:      layout_loops_ring, amcnicky_mini_rare_corridor_liquid, uniq_sigmund,
          uniq_robin, uniq_jessica
D:3:      layout_basic, uniq_grinder
D:4:      layout_layer_cave, serial_undead, serial_undead_d, serial_undead_b,
          serial_undead_b, serial_undead_c, minmay_manual_moon, uniq_eustachio,
          uniq_menkaure
D:5:      layout_basic, mainiacjoe_overflow_concentric_impassable,
          kennysheep_mini, xom_confusion_cloud,
          gammafunk_temple_overflow_forgotten, serial_shops, shop,
          gammafunk_ghost_split, nicolae_wormholes
D:6:      layout_basic, minmay_temple_entry_butterflies,
          kennysheep_generic_room_4
D:7:      layout_basic, trog_book, okawaru_ov_weapons_minmay
D:8:      layout_loops_ring, nicolae_hepliaklqana_hazy_memory,
          mainiacjoe_overflow_boulevard, uniq_jeremiah
D:9:      layout_stronghold, chequers_serial_rivers_marsh
D:10:     layout_long_grid, david_lair_shrubbed, minivault_16,
          chequers_hall_statues_y
D:11:     minmay_opposing_rooms, layout_rooms, minmay_protected_statue
D:12:     hangedman_surveillance_ring, layout_irregular_city, orc_0_dummy,
          uniq_frances
Temple:   chequers_temple_sunken
Orc:1:    layout_caves, biasface_ghost_orc_armoury, nicolae_orc_crystal_geode
Orc:2:    pubby_orc_utopia, uniq_jorgrun

Skill      XL: |  1  2  3  4  5  6  7  8  9 10 11 12 13 |
---------------+----------------------------------------+-----
Fighting       | 4 5 6 7 8 10 11 | 11.0
Maces & Flails | 3 4 5 6 7 9 10 12 14 | 14.1
Armour         | 8 9 11 | 11.0
Shields        | 5 |  5.4
Dodging        | 5 6 |  6.8
Invocations    | 4 |  4.6
Earth Magic    | 1 |  1.0
Long Blades    | |  0.1
Polearms       | |  0.2
Conjurations   | |  0.4
Hexes          | |  0.1
Summonings     | |  0.5
Necromancy     | |  0.1
Translocations | |  0.1
Fire Magic     | |  0.1
Ice Magic      | |  0.1
Air Magic      | |  0.1
Shapeshifting  | |  0.3

Action                     |  1- 3 |  4- 6 |  7- 9 | 10-12 | 13-15 || total
---------------------------+-------+-------+-------+-------+-------++-------
  Melee: Flail             |   121 |   115 |   579 |  1233 |   163 ||  2211
 Invoke: Lesser Servant of |       |       |       |       |     1 ||     1
  Evoke: Wand              |       |       |     2 |     4 |       ||     6
    Use: Potion            |     3 |       |     1 |    14 |       ||    18
         Scroll            |     2 |     4 |     7 |    18 |       ||    31
   Stab: Invisible         |       |       |       |     7 |       ||     7
 Armour: Scale mail        |   100 |    83 |   370 |       |       ||   553
         Ring mail         |       |       |    43 |   512 |       ||   555
         Pearl dragon scal |       |       |       |   426 |    83 ||   509
         Skin              |       |       |       |   100 |       ||   100
  Dodge: Dodged            |    51 |    57 |   193 |   566 |    62 ||   929
  Block: Buckler           |    26 |    26 |   161 |   357 |    38 ||   608

Table legend: (Time is in decaauts)
 A = Elapsed time spent in this place.
 B = Non-inter-level travel time spent in this place.
 C = Inter-level travel time spent in this place.
 D = Time resting spent in this place.
 E = Time spent auto-exploring this place.
 F = Levels seen in this place.
 G = Mean time per level.
                   A        B        C        D        E       F      G
               +--------+--------+--------+--------+--------+-----+--------+
         Total |  18714 |  18514 |    200 |   5406 |   7271 |  15 | 1247.6 |
       Dungeon |  14763 |  14585 |    178 |   3683 |   7047 |  12 | 1230.2 |
        Temple |     49 |     27 |     22 |      0 |      0 |   1 |   49.0 |
  Orcish Mines |   3902 |   3902 |      0 |   1723 |    224 |   2 | 1951.0 |
               +--------+--------+--------+--------+--------+-----+--------+

Top non-repeatable levels by time:
   Orc:2: 3866 daAuts
     D:9: 2068 daAuts
    D:10: 2016 daAuts
     D:4: 1938 daAuts
     D:5: 1218 daAuts
     D:1: 1168 daAuts
     D:6: 1145 daAuts
     D:8: 1121 daAuts
     D:2: 1098 daAuts
     D:7: 1070 daAuts
     D:3: 1054 daAuts
    D:11: 674 daAuts
    D:12: 188 daAuts
  Temple: 49 daAuts
   Orc:1: 35 daAuts
